 Dungeon Crawl Stone Soup version 0.19-a0-1920-g83281cb (webtiles) character file.

36 LORDOFBUTT the Sneak (level 3, 0/18 HPs)
             Began as a Spriggan Assassin on Oct 24, 2016.
             Slain by an adder (5 damage)
             ... on level 1 of the Dungeon.
             The game lasted 00:01:09 (1942 turns).

LORDOFBUTT the Sneak (Spriggan Assassin)            Turns: 1942, Time: 00:01:09

Health: 0/18       AC:  3    Str:  7    XL:     3   Next: 19%
Magic:  4/4        EV: 17    Int: 12    God:
Gold:   63         SH:  0    Dex: 18    Spells: 0 memorised, 2 levels left

rFire  . . .     SeeInvis +     a - +2 dagger
rCold  . . .     Gourm    .     c - +0 robe
rNeg   . . .     Faith    .     (shield restricted)
rPois  .         Spirit   .     (helmet restricted)
rElec  .         Reflect  .     d - +0 cloak
rCorr  .         Harm     .     (gloves unavailable)
MR     .....                    (boots unavailable)
Stlth  ++++......               (no amulet)
                                (no ring)
                                (no ring)

@: very quick
A: unfitting armour, see invisible, herbivore 3, speed 3, slow metabolism 2
a: no special abilities


You were on level 1 of the Dungeon.
You were not hungry.

You visited 1 branch of the dungeon, and saw 2 of its levels.

You collected 63 gold pieces.

Inventory:

Hand Weapons
 a - a +2 dagger (weapon)
 b - a +0 blowgun
Missiles
 e - 8 poisoned needles
 f - 2 curare-tipped needles
Armour
 c - a +0 robe (worn)
 d - a +0 cloak (worn)
Scrolls
 h - 3 scrolls of identify {unknown}
 k - a scroll of fog {unknown}
 l - a scroll of recharging {unknown}
 m - a scroll of fear {unknown}
 n - a scroll of enchant armour {unknown}
Potions
 j - a potion of might {unknown}
Comestibles
 g - a bread ration
 i - a slice of pizza


   Skills:
 - Level 1.5 Fighting
 - Level 2.2 Short Blades
 - Level 2.0 Throwing
 - Level 1.5 Dodging
 + Level 7.6 Stealth


You had 2 spell levels left.
You didn't know any spells.

Dungeon Overview and Level Annotations

Branches:
Dungeon (2/15)

Altars:


Innate Abilities, Weirdness & Mutations

You are very small and have problems with some larger weapons.
You are too small for most types of armour.
You have supernaturally acute eyesight. (SInv)
You are a herbivore.
You cover ground extremely quickly.
You need consume almost no food.


Message History

The bat hits you. The bat misses you. The adder closely misses you.
You barely miss the adder.
The adder is moderately wounded.
The bat barely misses you. The adder misses you.
You hit the adder.
The adder is heavily wounded.
The bat barely misses you. The bat closely misses you.
The adder completely misses you.
You barely miss the adder.
The adder is heavily wounded.
The bat closely misses you. The adder bites you.
You closely miss the adder.
The adder is heavily wounded.
The adder bites you but does no damage. The bat completely misses you.
You miss the adder.
The adder is heavily wounded.
The bat barely misses you. The adder bites you.
* * * LOW HITPOINT WARNING * * *
The adder bites you.
You die...

..#.#.#...#.#.#.....#..##........
..#.###...#..##.#.###..##......#.
#...#.#.......#.#.....####.......
..............#.#.....####.....#.
#......#.#....#.#.#..##.†##...#..
####..........#.#...†##..##....#.
...##..###....#.###.##....##.....
###.#.........#.b...##....##.####
..##..........#S@...#......#.#
......#....#..#.##..#..##..#.####
.#....#.)..#..#.##....####.......
##......#.#...#..................
.#......###......#.#########)....
.......#...##.#..#.# ######
..........#...####.# #
#....##...#...#....# #
##.)####......#.#### #


You could see an adder and a bat.

Vanquished Creatures
  3 dart slugs (D:1)
  2 leopard geckos (D:1)
  A giant cockroach (D:1)
  2 goblins (D:1)
  7 hobgoblins (D:1)
  3 kobolds (D:1)
  4 bats (D:1)
  A rat (D:1)
23 creatures vanquished.

Notes
Turn   | Place    | Note
-------+----------+-------------------------------------------
     0 | D:1      | LORDOFBUTT the Spriggan Assassin began the quest for the Orb.
     0 | D:1      | Reached XP level 1. HP: 10/10 MP: 2/2
     9 | D:1      | Reached skill level 6 in Stealth
   568 | D:1      | Reached XP level 2. HP: 14/14 MP: 3/3
   795 | D:1      | Reached skill level 7 in Stealth
  1349 | D:1      | Reached XP level 3. HP: 18/18 MP: 4/4
  1942 | D:1      | Slain by an adder

Vault maps used:
D:1:      matt_arrival_debris, glass_columns_c, minmay_misc_feat_x,
          minmay_misc_feat_tower, minmay_misc_feat_rows, st_stairs_11,
          grunt_decor_one_mirror
D:2:      overflow_temple_1_default, first_bread, uniq_iyjb

Skill      XL: |  1  2 |
---------------+-------+-----
Stealth        | 6 7 |  7.6
Fighting       | |  1.5
Short Blades   | |  2.2
Throwing       | |  2.0
Dodging        | |  1.5

Action                   || total
-------------------------++-------
Melee: Dagger            ||    94
 Stab: Sleeping          ||     7
Armor: Robe              ||    14
Dodge: Dodged            ||    79
